 Dungeon Crawl Stone Soup version 0.29-a0-398-ge13fd1374b (webtiles) character file.

Game seed: 9960132046806964154

281 Art3mis the Slasher (level 6, -9/47 HPs)
             Began as a Djinni Berserker on May 12, 2022.
             Was a Believer of Trog.
             Mangled by an orc
             ... wielding a +0 flail
              (12 damage)
             ... on level 4 of the Dungeon.
             The game lasted 00:07:46 (3718 turns).

Art3mis the Slasher (Djinni Berserker)              Turns: 3718, Time: 00:07:47

Health: -9/47      AC: 13    Str: 18    XL:     6   Next: 53%
Gold:   234        EV:  8    Int:  8    God:    Trog [**....] SH:  0 Dex: 13

rFire   + + .      SeeInvis .   h - +0 flail
rCold   x . .      Faith    .   (no shield)
rNeg    . . .      Spirit   .   q - +0 chain mail
rPois   ∞          Reflect  .   (no helmet)
rElec   .          Harm     .   (no cloak)
rCorr   .          Rampage  .   (no gloves)
Will    .....                   (boots unavailable)
Stlth   ..........              (no amulet)
HPRegen 0.15/turn               e - +4 ring of protection
MPRegen 0.00/turn               (no ring)

@: on berserk cooldown, flying, slowed, very slow
A: sickness immunity, fire resistance 2, cold vulnerability 1, float, innate
caster, HP casting, extra vitality 1
a: Renounce Religion, Berserk, Trog's Hand


You were on level 4 of the Dungeon.
You worshipped Trog.
Trog was pleased with you.
You visited 1 branch of the dungeon, and saw 4 of its levels.

You collected 234 gold pieces.

Inventory:

Hand Weapons
 a - a +0 falchion
 h - a +0 flail (weapon)
Armour
 q - a +0 chain mail (worn)
Magical Staves
 j - a staff of conjuration
Jewellery
 e - a +4 ring of protection (left hand)
Scrolls
 d - 7 scrolls of identify {unknown}
 i - a scroll of silence {unknown}
 l - a scroll of enchant weapon {unknown}
 n - 2 scrolls of teleportation {unknown}
 o - a scroll of torment {unknown}
 p - 2 scrolls of magic mapping {unknown}
Potions
 b - 3 potions of curing {unknown}
 c - 2 potions of flight {unknown}
 f - 3 potions of might
 g - a potion of lignification {unknown}
 k - 2 potions of magic {unknown}
 m - 4 potions of heal wounds {unknown}
 r - a potion of attraction {unknown}


   Skills:
 + Level 3.9 Fighting
 + Level 4.1 Long Blades
 + Level 1.3 Maces & Flails
 + Level 3.4 Armour
 + Level 3.3 Dodging
 + Level 0.3 Stealth


You had 2 spell levels left.
You knew the following spells:

 Your Spells              Type           Power      Damage    Failure   Level
a - Shock                 Conj/Air       0%         1d3       99%         1
b - Wereblood             Tmut           0%         N/A       100%        2
Your spell library was empty.


Dungeon Overview and Level Annotations

Branches:
Dungeon (4/15)
 Temple: D:4-7

Altars:
Kikubaaqudgha
Zin

Shops:
D:1 (


Innate Abilities, Weirdness & Mutations

You are immune to sickness and miasma.
You are immune to poison.
Your flesh is very heat resistant. (rF++)
You are vulnerable to cold. (rC-)
You float through the air rather than walking.
You learn spells naturally, not from books.
Your magical power is your life essence.
You have superior vitality. (+4 MHP)


Message History

Trog accepts your kill. The ufetubus hits you.
The ufetubus barely misses you. x3
The orc hits you but does no damage. x2; The ufetubus barely misses you.
The ufetubus hits you.
* * * LOW HITPOINT WARNING * * *
The orc barely misses you. The orc hits you but does no damage.
The orc hits you with a +0 club.
* * * LOW HITPOINT WARNING * * *
The orc attacks as you move away! The orc hits you with a +0 dagger.
* * * LOW HITPOINT WARNING * * *
The ufetubus attacks as you move away!
The ufetubus hits you but does no damage.
The ufetubus barely misses you. The ufetubus hits you.
* * * LOW HITPOINT WARNING * * *
The ufetubus misses you. The orc barely misses you.
The ufetubus barely misses you. The ufetubus hits you.
* * * LOW HITPOINT WARNING * * *
The orc hits you but does no damage.
The ufetubus hits you but does no damage. x2
The orc hits you but does no damage. The ufetubus attacks as you move away!
The ufetubus hits you.
* * * LOW HITPOINT WARNING * * *
The ufetubus barely misses you. The ufetubus hits you.
* * * LOW HITPOINT WARNING * * *
The ufetubus hits you but does no damage.
The orc hits you but does no damage.
The ufetubus hits you but does no damage. x2
You hit the orc.
The orc is lightly wounded.
The ufetubus closely misses you.
The ufetubus hits you but does no damage.
The orc hits you but does no damage. The orc barely misses you.
The orc hits you but does no damage. The ufetubus completely misses you.
The ufetubus closely misses you.
You hit the orc.
The orc is almost dead.
The ufetubus hits you but does no damage. x2
The orc closely misses you. The orc hits you with a +0 flail!
You die...

#.......#..+
##..##'##..#
##..##.##..##
....+.......#
....?#.......# #
####.##.##..## .
#..###.##.##..##...
.........o.o.......#
.........o5@.......#
......††..oo......##
..(:....$.........#
....########..##..#
### #### ..# .#


You could see 5 orcs and an ufetubus.

Vanquished Creatures
  An ice beast (D:3)
  A scorpion (D:4)
  A hound (D:4)
  2 adders
  2 worms
  3 dart slugs
  5 orcs (D:3)
  5 endoplasms (D:1)
  2 giant cockroaches
  3 goblins
  7 hobgoblins
  4 jackals (D:2)
  4 quokkas
  3 ball pythons
  5 bats
  8 frilled lizards
  6 kobolds
  9 rats
71 creatures vanquished.

Notes
Turn   | Place    | Note
-------+----------+-------------------------------------------
     0 | D:1      | Art3mis the Djinni Berserker began the quest for the Orb.
     0 | D:1      | Reached XP level 1. HP: 20/20 MP: 0/0
    95 | D:1      | Found Kirghiw's Antique Weapon Boutique.
   521 | D:1      | Reached XP level 2. HP: 25/25 MP: 0/0
   943 | D:1      | Reached skill level 3 in Long Blades
   973 | D:1      | Reached XP level 3. HP: 25/30 MP: 0/0
   973 | D:1      | Learned a level 1 spell: Shock
  1127 | D:1      | Found a faded altar of an unknown god.
  1283 | D:2      | Reached ** piety under Trog
  1673 | D:2      | Found a glowing silver altar of Zin.
  1731 | D:2      | Reached XP level 4. HP: 32/35 MP: 0/0
  2346 | D:3      | Noticed an ice beast
  2357 | D:3      | Killed an ice beast
  2358 | D:3      | Reached XP level 5. HP: 14/41 MP: 0/0
  2358 | D:3      | Learned a level 2 spell: Wereblood
  2847 | D:3      | Reached skill level 4 in Long Blades
  3023 | D:3      | Reached XP level 6. HP: 47/47 MP: 0/0
  3174 | D:3      | Reached *** piety under Trog
  3702 | D:4      | Reached skill level 1 in Maces & Flails
  3716 | D:4      | HP: 2/47 [ufetubus (1)]
  3718 | D:4      | Mangled by an orc

Illustrated notes

Levels and vault maps discovered:
D:1:      dpeg_arrival_oval, layout_basic, ebering_ecumenical_altar_box,
          serial_shops, shop, minmay_pentomino_t2
D:2:      layout_basic, basic_altar
D:3:      layout_basic, amcnicky_altar_gilded
D:4:      layout_gridville, mainiacjoe_overflow_six_doors_small,
          okawaru_gym_becter, st_stairs_11

Skill      XL: |  1  2  3  4  5  6 |
---------------+-------------------+-----
Long Blades    | 3 4 |  4.1
Armour         | 3 |  3.4
Dodging        | 3 |  3.3
Maces & Flails | 1 |  1.3
Fighting       | |  3.9
Stealth        | |  0.3

Action                   |  1- 3 |  4- 6 || total
-------------------------+-------+-------++-------
Melee: Falchion          |   157 |    45 ||   202
       Flail             |       |    73 ||    73
       Punch             |       |     1 ||     1
Invok: Berserk           |       |     3 ||     3
Armor: Animal skin       |     7 |       ||     7
       Ring mail         |    59 |    21 ||    80
       Scale mail        |       |    17 ||    17
       Chain mail        |       |    92 ||    92
Dodge: Dodged            |   113 |   128 ||   241

Table legend: (Time is in decaauts)
 A = Elapsed time spent in this place.
 B = Non-inter-level travel time spent in this place.
 C = Inter-level travel time spent in this place.
 D = Time resting spent in this place.
 E = Time spent auto-exploring this place.
 F = Levels seen in this place.
 G = Mean time per level.
                   A        B        C        D        E       F      G
               +--------+--------+--------+--------+--------+-----+--------+
         Total |   3793 |   3736 |     57 |      0 |   3054 |   4 |  948.2 |
       Dungeon |   3793 |   3736 |     57 |      0 |   3054 |   4 |  948.2 |
               +--------+--------+--------+--------+--------+-----+--------+

Top non-repeatable levels by time:
     D:3: 1467 daAuts
     D:1: 1200 daAuts
     D:2: 1034 daAuts
     D:4: 91 daAuts
